 Dungeon Crawl Stone Soup version 0.29-a0-529-gfa20dd96a1 (webtiles) character file.

Game seed: 5675673186228289622

34 lunkers the Grave Robber (level 3, 0/24 HPs)
             Began as a Vampire Necromancer on May 24, 2022.
             Slain by a scorpion (3 damage)
             ... on level 4 of the Dungeon on June 1, 2022.
             The game lasted 00:03:34 (1084 turns).

lunkers the Grave Robber (Vampire Necromancer)      Turns: 1084, Time: 00:03:34

Health: 0/24       AC:  2    Str:  7    XL:     3   Next: 14%
Magic:  1/6        EV: 12    Int: 19    God:
Gold:   113        SH:  0    Dex: 14    Spells: 6/7 levels left

rFire   . . .      SeeInvis +   (no weapon)
rCold   . . .      Faith    .   (no shield)
rNeg    . . .      Spirit   .   a - +0 robe
rPois   .          Reflect  .   (helmet restricted)
rElec   .          Harm     .   (no cloak)
rCorr   .          Rampage  .   (no gloves)
Will    .....                   (no boots)
Stlth   ++........              (no amulet)
HPRegen 0.28/turn               (no ring)
MPRegen 0.10/turn               (no ring)

@: lethally poisoned (0 -> -13), healing quickly
A: alive, fangs 3, see invisible, vampiric 2, antennae 1, deterioration 1, wild
magic 1
a: Exsanguinate


You were on level 4 of the Dungeon.
You visited 1 branch of the dungeon, and saw 3 of its levels.

You collected 113 gold pieces.

Inventory:

Armour
 a - a +0 robe (worn)
Scrolls
 c - a scroll of fog {unknown}
 e - a scroll of noise {unknown}
 g - a scroll of identify {unknown}
 h - a scroll of blinking {unknown}
 k - a scroll of poison {unknown}
Potions
 b - a potion of magic
 d - a potion of cancellation {unknown}
 f - a potion of flight {unknown}
 i - a potion of berserk rage {unknown}
 j - a potion of brilliance {unknown}
 l - a potion of mutation


   Skills:
 - Level 2.1 Dodging
 - Level 3.0 Stealth
 + Level 2.5 Spellcasting
 * Level 5.2 Necromancy


You had 6 spell levels left.
You knew the following spells:

 Your Spells              Type           Power      Damage    Failure   Level
a - Necrotize             Necr           100%       1d9       3%          1

Your spell library contained the following spells:

 Spells                   Type           Power      Damage    Failure   Level
 Vampiric Draining        Necr           29%        2d8       9%          3
 Animate Dead             Necr           29%        N/A       26%         4
 Agony                    Necr           29%        N/A       54%         5


Dungeon Overview and Level Annotations

Branches:
Dungeon (2/15)

Altars:

Shops:
D:1 ([*


Innate Abilities, Weirdness & Mutations

Your natural rate of healing is accelerated.
You have razor-sharp teeth.
You have supernaturally acute eyesight. (SInv)
You are afflicted with vampirism and can become a bat while bloodless.
You have a pair of small antennae on your head.
Your body sometimes deteriorates upon taking damage.
Your spells are a little harder to cast, but a little more powerful.


Message History

The scorpion barely resists.
Casting: Necrotize (safe; 1% risk of failure)
Confirm with . or Enter, or press ? or * to list all spells.
The scorpion writhes in agony!
Casting: Necrotize (safe; 1% risk of failure)
Confirm with . or Enter, or press ? or * to list all spells.
The scorpion writhes in agony.
The scorpion closely misses you.
Casting: Necrotize (safe; 1% risk of failure)
Confirm with . or Enter, or press ? or * to list all spells.
The scorpion writhes in agony.
The scorpion closely misses you.
Casting: Necrotize (safe; 1% risk of failure)
Confirm with . or Enter, or press ? or * to list all spells.
The scorpion writhes in agony.
The scorpion misses you. The scorpion closely misses you.
Casting: Necrotize (safe; 1% risk of failure)
Confirm with . or Enter, or press ? or * to list all spells.
Aiming: Necrotize (safe; 1% risk of failure)
Press: ? - help, Shift-Dir - straight line, f/p - scorpion
Aim: a scorpion (severely wounded, chance to affect: 81%)
The scorpion writhes in agony.
* * * LOW MAGIC WARNING * * *
The scorpion stings you but does no damage.
Unknown command.
The scorpion attacks as you move away! The scorpion stings you.
You are poisoned.
The scorpion poisons you!
You feel very sick. The scorpion attacks as you move away!
The scorpion stings you.
* * * LOW HITPOINT WARNING * * *
You are lethally poisoned!
The scorpion poisons you!
* * * LOW HITPOINT WARNING * * *
You feel very sick.
It was a potion of mutation.
You feel extremely strange. A pair of antennae grows on your head!
You feel less in control of your magic.
You feel yourself wasting away.
* * * LOW HITPOINT WARNING * * *
You feel very sick. The scorpion stings you.
You die...

#.. #.#
#.# ..#
#.# #.#
#.# #.#
#.# #.#
#.# #.#
#s# #.#
#@# #.#
#.#####.#
#....[#.#
#####.#.#
#.......#
#.###.###
#.....#
#######


You could see a scorpion.

Vanquished Creatures
  3 dart slugs (D:1)
  2 endoplasms
  5 goblins
  3 hobgoblins (D:1)
  2 quokkas (D:2)
  3 ball pythons
  2 bats
  2 frilled lizards
  4 rats
26 creatures vanquished.

Vanquished Creatures (collateral kills)
  A ball python (D:1)
1 creature vanquished.

Grand Total: 27 creatures vanquished

Notes
Turn   | Place    | Note
-------+----------+-------------------------------------------
     0 | D:1      | lunkers the Vampire Necromancer began the quest for the
                  | Orb.
     0 | D:1      | Reached XP level 1. HP: 13/13 MP: 3/3
    36 | D:1      | Found Hioxelah's Weapon Shop.
   171 | D:1      | Reached XP level 2. HP: 19/19 MP: 0/5
   313 | D:1      | Found Duydd's Armour Emporium.
   323 | D:1      | Upgraded the game from 0.29-a0-477-g62b78b4225 to
                  | 0.29-a0-529-gfa20dd96a1
   335 | D:1      | Reached skill level 5 in Necromancy
   588 | D:1      | Found a faded altar of an unknown god.
   684 | D:1      | Found Vyunul's Assorted Antiques.
   833 | D:2      | Gained mutation: You are afflicted with vampirism and can
                  | become a bat while bloodless. [Vampire growth]
   833 | D:2      | Reached XP level 3. HP: 24/24 MP: 2/6
  1044 | D:2      | You fall into a shaft and drop 2 floors!
  1072 | D:4      | Noticed a scorpion
  1084 | D:4      | Gained mutation: You have a pair of small antennae on your
                  | head. [potion of mutation]
  1084 | D:4      | Gained mutation: Your spells are a little harder to cast,
                  | but a little more powerful. [potion of mutation]
  1084 | D:4      | Gained mutation: Your body sometimes deteriorates upon
                  | taking damage. [potion of mutation]
  1084 | D:4      | Slain by a scorpion

Illustrated notes

Levels and vault maps discovered:
D:1:      amcnicky_arrival_underground_garden, layout_rooms,
          hellmonk_ecumenical_altar_crossroads, serial_shops, shop,
          nicolae_shop_bloodbath_and_beyond, nicolae_shop_trees
D:2:      layout_loops_ring
D:4:      layout_basic, general_overflow_altar, chequers_serial_rivers_room_b,
          uniq_pikel, uniq_eustachio

Skill      XL: |  1  2 |
---------------+-------+-----
Necromancy     | 5 |  5.2
Dodging        | |  2.1
Stealth        | |  3.0
Spellcasting   | |  2.5

Action                   || total
-------------------------++-------
Melee: Unarmed           ||     2
 Cast: Necrotize         ||    48
  Use: Potion            ||     1
Armor: Robe              ||     2
Dodge: Dodged            ||     6

Table legend: (Time is in decaauts)
 A = Elapsed time spent in this place.
 B = Non-inter-level travel time spent in this place.
 C = Inter-level travel time spent in this place.
 D = Time resting spent in this place.
 E = Time spent auto-exploring this place.
 F = Levels seen in this place.
 G = Mean time per level.
                   A        B        C        D        E       F      G
               +--------+--------+--------+--------+--------+-----+--------+
         Total |   1083 |   1065 |     18 |      0 |    878 |   3 |  361.0 |
       Dungeon |   1083 |   1065 |     18 |      0 |    878 |   3 |  361.0 |
               +--------+--------+--------+--------+--------+-----+--------+

Top non-repeatable levels by time:
     D:1: 731 daAuts
     D:2: 312 daAuts
     D:4: 39 daAuts
